 Dungeon Crawl Stone Soup version 0.29.0-7-g18a832c13a (webtiles) character file.

Game seed: 5640554291184483040

38 Arum the Slasher (level 3, -1/22 HPs)
             Began as a Tengu Gladiator on Aug 30, 2022.
             Slain by a goblin
             ... wielding a +0 club
              (2 damage)
             ... on level 2 of the Dungeon.
             The game lasted 00:00:53 (1463 turns).

Arum the Slasher (Tengu Gladiator)                  Turns: 1463, Time: 00:00:54

Health: -1/22      AC:  3    Str: 14    XL:     3   Next: 43%
Magic:  4/4        EV: 13    Int:  8    God:
Gold:   21         SH:  0    Dex: 17    Spells: 2/2 levels left

rFire   . . .      SeeInvis .   a - +0 long sword
rCold   . . .      Faith    .   (no shield)
rNeg    . . .      Spirit   .   b - +0 leather armour
rPois   .          Reflect  .   c - +0 hat
rElec   .          Harm     .   (no cloak)
rCorr   .          Rampage  .   (no gloves)
Will    .....                   (boots unavailable)
Stlth   +.........              (no amulet)
HPRegen 0.07/turn               (no ring)
MPRegen 0.09/turn               (no ring)

@: no status effects
A: beak, talons 3
a: no special abilities


You were on level 2 of the Dungeon.
You visited 1 branch of the dungeon, and saw 2 of its levels.

You collected 21 gold pieces.

Inventory:

Hand Weapons
 a - a +0 long sword (weapon)
Missiles
 d - 3 throwing nets (quivered)
 e - a javelin
Armour
 b - a +0 leather armour (worn)
 c - a +0 hat (worn)
Scrolls
 f - a scroll of immolation {unknown}
 g - a scroll of torment {unknown}
 h - a scroll of brand weapon {unknown}


   Skills:
 + Level 2.6 Fighting
 + Level 3.9 Long Blades
 - Level 2.0 Throwing
 + Level 3.9 Dodging


You had 2 spell levels left.
You didn't know any spells.
Your spell library was empty.

Dungeon Overview and Level Annotations

Branches:
Dungeon (2/15)

Altars:

Annotations:
D:2 Terence


Innate Abilities, Weirdness & Mutations

You have a beak for a mouth.
You have claws for feet.


Message History

The bat hits you but does no damage.
A bat is nearby!
A bat is nearby!
You hit the bat but do no damage. The bat closely misses you.
You miss the bat. Your kick misses the bat.
The bat hits you but does no damage. x2
The bat closely misses you.
You hit the bat.
You kill the bat!
No target in view!
Found 6 stones.
A goblin comes into view. It is wielding a +0 club.
The goblin shouts!
A goblin is nearby!
Terence the Incautious comes into view.
He is wielding a +4 trident.
Terence shouts!
Terence hits you with a +4 trident!
You barely miss Terence. The goblin barely misses you.
Terence closely misses you.
You closely miss Terence. Your peck misses Terence. Terence barely misses you.
The goblin hits you with a +0 club.
You are too injured to fight recklessly!
You are too injured to fight recklessly!
You are too injured to fight recklessly!
You are too injured to fight recklessly!
You are too injured to fight recklessly!
You are too injured to fight recklessly!
Unknown command.
Terence closely misses you. The goblin attacks as you move away!
The goblin hits you with a +0 club. The goblin attacks as you move away!
The goblin hits you with a +0 club.
* * * LOW HITPOINT WARNING * * *
The goblin attacks as you move away! The goblin hits you with a +0 club.
* * * LOW HITPOINT WARNING * * *
The goblin attacks as you move away! The goblin hits you with a +0 club.
* * * LOW HITPOINT WARNING * * *
You closely miss the goblin. You claw the goblin.
The goblin is severely wounded.
The goblin hits you with a +0 club.
You die...

##############.. ..# .
#............#.# #.# .
#.####..####.#.#####.##.
#.#........#.#.##.......
#.#.##..##(.......#...##
#.......####.#.####....#
#.......####.#.......#.#
#.......g.@..######....#
#....##@###### ......
#....##.# #......
#.......# #.##.##
#..#.##.# #. ..
#.......# .. ...
##.#.##.# #. #.#.##.# #
#<##.# #......#


You could see Terence and a goblin.

Vanquished Creatures
  A gnoll (D:1)
  A dart slug (D:1)
  3 bats
  3 endoplasms (D:1)
  A giant cockroach (D:1)
  A goblin (D:1)
  2 hobgoblins (D:1)
  5 kobolds (D:1)
  2 quokkas (D:1)
  3 ball pythons
  2 rats (D:1)
24 creatures vanquished.

Notes
Turn   | Place    | Note
-------+----------+-------------------------------------------
     0 | D:1      | Arum the Tengu Gladiator began the quest for the Orb.
     0 | D:1      | Reached XP level 1. HP: 12/12 MP: 2/2
   420 | D:1      | Reached XP level 2. HP: 17/17 MP: 3/3
  1054 | D:1      | Reached XP level 3. HP: 20/22 MP: 4/4
  1443 | D:2      | Noticed Terence
  1462 | D:2      | HP: 1/22 [goblin/+0 club (3)]
  1463 | D:2      | Slain by a goblin

Illustrated notes

Levels and vault maps discovered:
D:1:      elethiomel_arrival_maze, layout_basic, minmay_misc_feat_cross
D:2:      layout_loops_cross, uniq_robin, uniq_natasha, uniq_terence

Action                   || total
-------------------------++-------
Melee: Long sword        ||    54
       Kick              ||     8
       Peck              ||     4
Armor: Leather armour    ||    17
Dodge: Dodged            ||    43
